[Event "11th LCC Super Blitz 2019"]
[Site "London"]
[Date "2019.12.08"]
[Round "5.4"]
[White "Iyengar, Ilya"]
[Black "Roberson, Peter T"]
[Result "0-1"]
[ECO "D38"]
[WhiteElo "1984"]
[BlackElo "2282"]
[Annotator "NA"]
[PlyCount "66"]
[EventDate "2019.12.08"]
[EventType "swiss"]
[EventCountry "ENG"]
[SourceTitle "playchess.com"]
[Source "ChessBase"]
[SourceQuality "1"]
[TimeControl "180+2"]

1. d4 Nf6 2. Nf3 d5 3. c4 e6 4. Bg5 Bb4+ 5. Nc3 h6 6. Bxf6 Qxf6 7. Qa4+ Nc6 8. cxd5 exd5 9. e3 O-O 10. Bd3 Be6 11. O-O a6 12. Rac1 Bd6 13. Qd1 Rae8 14. a3 g5 15. b4 Ne7 16. Na4 Ng6 17. Nc5 Bc8 18. e4 dxe4 19. Nxe4 Qd8 20. Nxd6 Qxd6 21. Qb3 Nf4 22. Bc4 b5 23. Bd3 Bb7 24. Bb1 Bd5 25. Qc2 Be4 26. Qxc7 Qe6 27. Bxe4 Ne2+ 28. Kh1 Nxc1 29. Bb7 Nd3 30. d5 Qe2 31. Kg1 g4 32. Qg3 h5 33. Nd4 Qxf1+ 0-1

[Event "11th LCC Super Blitz 2019"]
[Site "London"]
[Date "2019.12.08"]
[Round "5.4"]
[White "Joslin, Tim"]
[Black "Klingher, Dominic"]
[Result "0-1"]
[ECO "C11"]
[WhiteElo "1822"]
[BlackElo "2071"]
[Annotator "NA"]
[PlyCount "70"]
[EventDate "2019.12.08"]
[EventType "swiss"]
[EventCountry "ENG"]
[SourceTitle "playchess.com"]
[Source "ChessBase"]
[SourceQuality "1"]
[TimeControl "180+2"]

1. e4 e6 2. Nf3 d5 3. Nc3 Nf6 4. e5 Nfd7 5. d4 c5 6. dxc5 Nc6 7. Bf4 Bxc5 8. Bd3 f6 9. exf6 Nxf6 10. O-O O-O 11. Bg5 a6 12. Re1 b5 13. Ne2 Qb6 14. Bh4 e5 15. Bxf6 Rxf6 16. Bxh7+ Kxh7 17. Qxd5 Bxf2+ 18. Kh1 Bf5 19. Rf1 Rd8 20. Ng5+ Kh8 21. Nf7+ Rxf7 22. Qxf7 Bh7 23. Rxf2 Nb4 24. Raf1 Nxc2 25. Ng3 Ne3 26. Qe7 Nxf1 27. Rf8+ Rxf8 28. Qxf8+ Bg8 29. Qxf1 Qd4 30. Nf5 Qg4 31. h3 Qg5 32. Qf3 Bxa2 33. Ng3 Bg8 34. Ne4 Qc1+ 35. Kh2 Qh6 0-1

[Event "11th LCC Super Blitz 2019"]
[Site "London"]
[Date "2019.12.08"]
[Round "5.5"]
[White "Rishi, Thariani"]
[Black "Van Zyl-Rudd, Jack"]
[Result "1-0"]
[ECO "B08"]
[WhiteElo "2008"]
[BlackElo "2290"]
[Annotator "NA"]
[PlyCount "98"]
[EventDate "2019.12.08"]
[EventType "swiss"]
[EventCountry "ENG"]
[SourceTitle "playchess.com"]
[Source "ChessBase"]
[SourceQuality "1"]
[TimeControl "180+2"]

1. e4 Nc6 2. Nc3 Nf6 3. Nf3 d6 4. d4 g6 5. Bd3 Bg7 6. h3 O-O 7. O-O e5 8. Be3 Re8 9. a3 exd4 10. Nxd4 Ne5 11. Be2 Bd7 12. f4 Nc6 13. Bf3 Nxd4 14. Bxd4 c5 15. Bxf6 Qxf6 16. Nd5 Qd4+ 17. Kh2 Rac8 18. c3 Qxd1 19. Raxd1 Bc6 20. Rfe1 Kf8 21. g4 b5 22. Rd2 a5 23. Red1 Bxd5 24. Rxd5 b4 25. Rxd6 bxa3 26. bxa3 Bxc3 27. e5 g5 28. R6d3 Bd4 29. fxg5 Rxe5 30. Kg3 Rxg5 31. Rc1 Rb8 32. Kf4 Rg6 33. g5 h6 34. h4 hxg5+ 35. hxg5 Kg7 36. Be4 Rgb6 37. Rh1 Rh8 38. Rxh8 Kxh8 39. Bd5 Kg7 40. a4 Rb4 41. Bc6 f6 42. gxf6+ Kxf6 43. Ke4 Be5+ 44. Kd5 c4 45. Rf3+ Ke7 46. Kxe5 Rb2 47. Kd4 Rc2 48. Rc3 Rb2 49. Kc5 Kd8 1-0

[Event "11th LCC Super Blitz 2019"]
[Site "London"]
[Date "2019.12.08"]
[Round "5.5"]
[White "Ignatovic, Ernest"]
[Black "Tanmay Chopra"]
[Result "0-1"]
[ECO "A01"]
[WhiteElo "1703"]
[BlackElo "2100"]
[Annotator "NA"]
[PlyCount "80"]
[EventDate "2019.12.08"]
[EventType "swiss"]
[EventCountry "ENG"]
[SourceTitle "playchess.com"]
[Source "ChessBase"]
[SourceQuality "1"]
[TimeControl "180+2"]

1. b3 e5 2. Bb2 Nc6 3. e3 Nf6 4. Bb5 Bd6 5. Ne2 O-O 6. O-O Ne7 7. f4 Ng6 8. f5 Ne7 9. Ng3 c6 10. Be2 Bc7 11. e4 d5 12. d3 a5 13. a4 Qd6 14. Nd2 b6 15. Kh1 Qd7 16. Nf3 d4 17. Bc1 Kh8 18. Bg5 Neg8 19. Nh5 Nxh5 20. Nxe5 Bxe5 21. Bxh5 Qd6 22. g3 Nf6 23. Bf3 Bd7 24. Bg2 Ng8 25. Qf3 f6 26. Bd2 Ne7 27. Rf2 Ra7 28. Raf1 Rfa8 29. Qh5 Be8 30. Qg4 b5 31. axb5 cxb5 32. h4 Bf7 33. Bf4 a4 34. h5 h6 35. Bf3 axb3 36. cxb3 Ra1 37. Kg2 Bxb3 38. Bxh6 gxh6 39. Qh4 Rxf1 40. Rxf1 Rg8 0-1

[Event "11th LCC Super Blitz 2019"]
[Site "London"]
[Date "2019.12.08"]
[Round "5.5"]
[White "Sheikh, Anum"]
[Black "Stoyanov, Viktor"]
[Result "0-1"]
[ECO "B15"]
[WhiteElo "1560"]
[BlackElo "2191"]
[Annotator "NA"]
[PlyCount "56"]
[EventDate "2019.12.08"]
[EventType "swiss"]
[EventCountry "ENG"]
[SourceTitle "playchess.com"]
[Source "ChessBase"]
[SourceQuality "1"]
[TimeControl "180+2"]

1. e4 g6 2. d4 Bg7 3. Nc3 c6 4. f4 d5 5. e5 Nh6 6. Nf3 Bg4 7. h3 Bxf3 8. Qxf3 Nf5 9. Be3 Nxe3 10. Qxe3 h5 11. Bd3 e6 12. g3 Nd7 13. Qf2 Qa5 14. a3 Bf8 15. Rg1 c5 16. Rg2 a6 17. Kf1 b5 18. dxc5 Bxc5 19. Qe1 Qb6 20. a4 b4 21. Ne2 Rc8 22. b3 a5 23. Qd1 Ke7 24. Rh2 Be3 25. Rg2 g5 26. h4 gxh4 27. gxh4 Rcg8 28. Ng3 Bxf4 0-1

[Event "11th LCC Super Blitz 2019"]
[Site "London"]
[Date "2019.12.08"]
[Round "5.6"]
[White "Wallace, John Paul"]
[Black "Ball, Charlie J"]
[Result "1-0"]
[ECO "D45"]
[WhiteElo "2344"]
[BlackElo "1249"]
[Annotator "NA"]
[PlyCount "53"]
[EventDate "2019.12.08"]
[EventType "swiss"]
[EventCountry "ENG"]
[SourceTitle "playchess.com"]
[Source "ChessBase"]
[SourceQuality "1"]
[TimeControl "180+2"]

1. d4 d5 2. c4 e6 3. Nc3 c6 4. e3 Nf6 5. Nf3 Nbd7 6. Qc2 Bb4 7. a3 Ba5 8. Bd3 Bc7 9. O-O h6 10. e4 dxe4 11. Nxe4 Nxe4 12. Bxe4 g5 13. Be3 Nf6 14. Ne5 Bxe5 15. dxe5 Nxe4 16. Qxe4 h5 17. Rad1 Qe7 18. b4 Bd7 19. Bc5 Qd8 20. Rd2 Qc7 21. Bd6 Qb6 22. Rfd1 O-O-O 23. Be7 Rdg8 24. Rxd7 g4 25. Bc5 Qa6 26. Qd3 h4 27. Qd6 1-0

[Event "11th LCC Super Blitz 2019"]
[Site "London"]
[Date "2019.12.08"]
[Round "5.6"]
[White "Ratnesan, Ranesh"]
[Black "Arapalea, Daniel-Ionel"]
[Result "1-0"]
[ECO "A57"]
[WhiteElo "2213"]
[BlackElo "1840"]
[Annotator "NA"]
[PlyCount "92"]
[EventDate "2019.12.08"]
[EventType "swiss"]
[EventCountry "ENG"]
[SourceTitle "playchess.com"]
[Source "ChessBase"]
[SourceQuality "1"]
[TimeControl "180+2"]

1. d4 Nf6 2. c4 c5 3. d5 b5 4. a4 b4 5. b3 d6 6. Bb2 g6 7. e4 Bg7 8. Bd3 O-O 9. Nd2 Nfd7 10. f4 Bxb2 11. Ra2 Bg7 12. Ngf3 e6 13. O-O exd5 14. exd5 Nf6 15. Ng5 Bg4 16. Qb1 Nh5 17. h3 Bd7 18. Ndf3 Nxf4 19. Be4 Nh5 20. Raf2 Ng3 21. Re1 Nxe4 22. Qxe4 Re8 23. Qf4 Rxe1+ 24. Nxe1 f6 25. Ne4 Qe7 26. Nf3 Bf5 27. Nxd6 Nd7 28. Nxf5 gxf5 29. Qxf5 Re8 30. Rf1 Ne5 31. Nd2 Ng6 32. Nf3 Qe3+ 33. Kh1 Qf4 34. Qd7 Rf8 35. Qe6+ Kh8 36. d6 Ne5 37. d7 Nxf3 38. Rxf3 Qd4 39. Qf5 Qa1+ 40. Rf1 Qd4 41. Rf3 Qa1+ 42. Rf1 Qd4 43. Re1 Qd6 44. Qd5 Qc7 45. Re7 Qd8 46. Qe6 Bh6 1-0

[Event "11th LCC Super Blitz 2019"]
[Site "London"]
[Date "2019.12.08"]
[Round "5.6"]
[White "Watson, Mikey J"]
[Black "Davis, Holden"]
[Result "1/2-1/2"]
[ECO "C02"]
[WhiteElo "1748"]
[BlackElo "1769"]
[Annotator "NA"]
[PlyCount "123"]
[EventDate "2019.12.08"]
[EventType "swiss"]
[EventCountry "ENG"]
[SourceTitle "playchess.com"]
[Source "ChessBase"]
[SourceQuality "1"]
[TimeControl "180+2"]

1. e4 e6 2. d4 d5 3. e5 c5 4. c3 Nc6 5. Nf3 Qb6 6. Bd3 Bd7 7. O-O Rc8 8. a4 c4 9. Bc2 Na5 10. Nbd2 Ne7 11. Re1 h5 12. Nf1 Nf5 13. Bf4 g6 14. Ne3 Nb3 15. Ra2 a5 16. Nxf5 gxf5 17. h4 Be7 18. Bg5 Bc6 19. Qe2 Qc7 20. Qe3 Qd7 21. Bxe7 Qxe7 22. Ra3 Rg8 23. Bxb3 cxb3 24. Rxb3 Bxa4 25. Ra3 Bc2 26. Rxa5 Be4 27. Ng5 Qc7 28. Rea1 Qb6 29. Ra8 Ke7 30. Rxc8 Rxc8 31. Nxe4 dxe4 32. Qg5+ Kd7 33. Qxh5 Ke8 34. Qh8+ Kd7 35. Qf6 Qxb2 36. Qxf7+ Kd8 37. Qf8+ Kd7 38. Qd6+ Ke8 39. Qxe6+ Kd8 40. Qf6+ Ke8 41. Qg6+ Kd8 42. Qg8+ Kd7 43. Qd5+ Ke8 44. Qe6+ Kd8 45. Qf6+ Ke8 46. Qg6+ Kd8 47. Qg5+ Ke8 48. Ra5 Qxc3 49. Rc5 Qe1+ 50. Kh2 Rxc5 51. dxc5 Qxf2 52. Qg6+ Ke7 53. Qf6+ Ke8 54. h5 Qf4+ 55. g3 Qf2+ 56. Kh3 Qf1+ 57. Kh4 e3 58. Qe6+ Kd8 59. Qd6+ Ke8 60. Qg6+ Kd8 61. Qd6+ Ke8 62. Qe6+ 1/2-1/2

[Event "11th LCC Super Blitz 2019"]
[Site "London"]
[Date "2019.12.08"]
[Round "5.7"]
[White "Orlovska, Madara"]
[Black "Jackson, Julius"]
[Result "1/2-1/2"]
[ECO "D01"]
[WhiteElo "2072"]
[BlackElo "1584"]
[Annotator "NA"]
[PlyCount "142"]
[EventDate "2019.12.08"]
[EventType "swiss"]
[EventCountry "ENG"]
[SourceTitle "playchess.com"]
[Source "ChessBase"]
[SourceQuality "1"]
[TimeControl "180+2"]

1. d4 Nf6 2. Nc3 d5 3. Bg5 Bf5 4. Qd2 e6 5. f3 Nc6 6. g4 Bg6 7. h4 h5 8. O-O-O Be7 9. gxh5 Nxh5 10. Bxe7 Qxe7 11. Qg5 Qxg5+ 12. hxg5 O-O-O 13. e3 Nb4 14. Bd3 Nxd3+ 15. cxd3 Ng3 16. Rxh8 Rxh8 17. Nge2 Nxe2+ 18. Nxe2 Rh2 19. Nf4 Rf2 20. Rg1 Rxf3 21. Kd2 Rf2+ 22. Kc3 a5 23. a3 Rf3 24. Kd2 Rf2+ 25. Kc3 Rf3 26. Kd2 Rf2+ 27. Ne2 b6 28. Ke1 Rh2 29. Kd2 Kd7 30. e4 dxe4 31. dxe4 Bxe4 32. Ke3 Bf5 33. Ng3 Rxb2 34. Nxf5 exf5 35. Rf1 g6 36. Kf4 Kd6 37. Rd1 Rb3 38. a4 Ra3 39. Rh1 Rxa4 40. Ke3 f4+ 41. Kxf4 Rxd4+ 42. Ke3 Rc4 43. Rf1 Ke6 44. Rf6+ Ke7 45. Kd3 Rb4 46. Rc6 Kd7 47. Rf6 Rb3+ 48. Kc4 Rg3 49. Rxf7+ Ke6 50. Rf6+ Kd7 51. Rxg6 a4 52. Rg7+ Kc8 53. g6 a3 54. Rg8+ Kd7 55. g7 Ke7 56. Kb4 a2 57. Ra8 Rg2 58. Rxa2 Rxg7 59. Kb5 Rg5+ 60. Kc4 b5+ 61. Kb4 Kd6 62. Rd2+ Kc6 63. Rc2+ Kb7 64. Rf2 Ka6 65. Rf6+ Kb7 66. Rf7 Kc6 67. Rf6+ Kb7 68. Rf7 Kc6 69. Rf6+ Kb7 70. Rf7 Kb6 71. Rf6+ Kb7 1/2-1/2

[Event "11th LCC Super Blitz 2019"]
[Site "London"]
[Date "2019.12.08"]
[Round "5.7"]
[White "Kirupakaran, Vishnu"]
[Black "Petrov, Vladimir Sergeev"]
[Result "0-1"]
[ECO "B90"]
[WhiteElo "1871"]
[BlackElo "2355"]
[Annotator "NA"]
[PlyCount "76"]
[EventDate "2019.12.08"]
[EventType "swiss"]
[EventCountry "ENG"]
[SourceTitle "playchess.com"]
[Source "ChessBase"]
[SourceQuality "1"]
[TimeControl "180+2"]

1. e4 c5 2. Nf3 d6 3. d4 cxd4 4. Nxd4 Nf6 5. Nc3 a6 6. Be3 e5 7. Nb3 Be6 8. Qd2 Be7 9. f3 O-O 10. O-O-O Nbd7 11. g4 b5 12. g5 b4 13. gxf6 bxc3 14. Qxc3 Nxf6 15. Na5 Rc8 16. Nc6 Qd7 17. Nxe7+ Qxe7 18. Qa5 Rc6 19. Kb1 Rfc8 20. Bd3 d5 21. Rhg1 d4 22. Bh6 g6 23. Bg5 Bc4 24. Bxc4 Rxc4 25. Rc1 R4c6 26. h4 Qc7 27. Qd2 Nd7 28. h5 Rb6 29. hxg6 fxg6 30. Bh6 Qc3 31. Qxc3 Rxc3 32. Rcf1 Rc8 33. f4 exf4 34. Bxf4 Re8 35. Re1 Rbe6 36. Bd2 Rxe4 37. Rxe4 Rxe4 38. b3 Kg7 0-1

[Event "11th LCC Super Blitz 2019"]
[Site "London"]
[Date "2019.12.08"]
[Round "5.8"]
[White "Pappelis, Dimitrios"]
[Black "Kennedy, Craig"]
[Result "1-0"]
[ECO "A41"]
[WhiteElo "2160"]
[BlackElo "1899"]
[Annotator "NA"]
[PlyCount "54"]
[EventDate "2019.12.08"]
[EventType "swiss"]
[EventCountry "ENG"]
[SourceTitle "playchess.com"]
[Source "ChessBase"]
[SourceQuality "1"]
[TimeControl "180+2"]

1. Nf3 g6 2. g3 Bg7 3. d4 d6 4. Bg2 Nd7 5. O-O e5 6. Nc3 f5 7. dxe5 dxe5 8. Bg5 Ngf6 9. e4 h6 10. Bxf6 Qxf6 11. exf5 gxf5 12. Nd5 Qd6 13. Nh4 O-O 14. Qh5 c6 15. Rad1 Nf6 16. Nxf6+ Qxf6 17. Rfe1 Be6 18. Rd6 Rfd8 19. Red1 Rxd6 20. Rxd6 Rd8 21. Qd1 Rxd6 22. Qxd6 Qf7 23. Nf3 e4 24. Ne5 Bxe5 25. Qxe5 a6 26. h4 Qd7 27. Qf6 Kh7 1-0

[Event "11th LCC Super Blitz 2019"]
[Site "London"]
[Date "2019.12.08"]
[Round "5.8"]
[White "Balaji, Aaravamudhan"]
[Black "Onslow, Teddy"]
[Result "0-1"]
[ECO "D43"]
[WhiteElo "2120"]
[BlackElo "1647"]
[Annotator "NA"]
[PlyCount "120"]
[EventDate "2019.12.08"]
[EventType "swiss"]
[EventCountry "ENG"]
[SourceTitle "playchess.com"]
[Source "ChessBase"]
[SourceQuality "1"]
[TimeControl "180+2"]

1. d4 d5 2. c4 e6 3. Nc3 Nf6 4. Nf3 c6 5. Qd3 Bd6 6. e4 dxe4 7. Nxe4 Nxe4 8. Qxe4 Bb4+ 9. Bd2 Bxd2+ 10. Nxd2 Nd7 11. Bd3 Nf6 12. Qh4 h6 13. Nb3 O-O 14. O-O-O a5 15. g4 Nh7 16. Qxd8 Rxd8 17. f4 a4 18. Nc5 b6 19. Bxh7+ Kxh7 20. Ne4 Ba6 21. c5 bxc5 22. dxc5 Bc4 23. a3 Bb3 24. Rxd8 Rxd8 25. Nd6 Kg6 26. h4 Kf6 27. g5+ Ke7 28. Rg1 Kf8 29. Kd2 Rb8 30. Kc3 Bd5 31. Kc2 Rb3 32. gxh6 gxh6 33. Rd1 Rh3 34. Rd4 Bb3+ 35. Kd2 Rxh4 36. Nb7 Rh2+ 37. Kc1 h5 38. Na5 h4 39. Nxb3 axb3 40. Rd1 Rc2+ 41. Kb1 Rxc5 42. Rh1 Rh5 43. Kc1 Ke7 44. Kd2 Kd6 45. Kc3 Kd5 46. a4 h3 47. a5 Kc5 48. Kxb3 Kb5 49. Kc3 h2 50. Kd4 Kxa5 51. Ke4 Kb4 52. Kf3 Kb3 53. Kg4 Rh8 54. Kg5 Kxb2 55. Kf6 Rh4 56. Ke5 c5 57. f5 exf5 58. Kd5 c4 59. Kc5 c3 60. Kb5 c2 0-1

[Event "11th LCC Super Blitz 2019"]
[Site "London"]
[Date "2019.12.08"]
[Round "5.8"]
[White "Nettleton, Charlie B"]
[Black "Srivastava, Arnav"]
[Result "1-0"]
[ECO "C46"]
[WhiteElo "2021"]
[BlackElo "1728"]
[Annotator "NA"]
[PlyCount "53"]
[EventDate "2019.12.08"]
[EventType "swiss"]
[EventCountry "ENG"]
[SourceTitle "playchess.com"]
[Source "ChessBase"]
[SourceQuality "1"]
[TimeControl "180+2"]

1. e4 e5 2. Nc3 Bc5 3. Nf3 Nc6 4. Nxe5 Bxf2+ 5. Kxf2 Nxe5 6. d4 Ng6 7. Bc4 d6 8. Rf1 Nf6 9. Bd2 O-O 10. Kg1 a6 11. a4 c5 12. Bg5 Be6 13. Bd5 h6 14. Bxf6 gxf6 15. dxc5 dxc5 16. Qh5 Kg7 17. Rad1 Qc7 18. Qf3 Qe5 19. g3 h5 20. Bxe6 fxe6 21. Rd7+ Kg8 22. Qe3 Qg5 23. Qxg5 fxg5 24. Rxf8+ {[%emt 0:00:09] Rb8 Re8+ Rxe8 Rxb7 Rd8 Rb6} Nxf8 {[%emt 0:00:06] Rxa6} 25. Rd2 {[%emt 0:00:02] Rb6 Rxc2} a5 {[%emt 0:00:13] Rc1+} 26. Kf2 {[%emt 0:00:10] Ra1 a6} Nd7 {[%emt 0:00:13] Rxe6 Kf7 Rc6 Nb8 Rc7+ Ke6 a7 Nd7} 27. Nd5 {[%emt 0:00:06] Ra2 Rxd7} 1-0

[Event "11th LCC Super Blitz 2019"]
[Site "London"]
[Date "2019.12.08"]
[Round "5.9"]
[White "Ismail, Mohammed Aayan"]
[Black "Stamatopoulos, Apostolos"]
[Result "1-0"]
[ECO "B59"]
[WhiteElo "1641"]
[BlackElo "1782"]
[Annotator "NA"]
[PlyCount "125"]
[EventDate "2019.12.08"]
[EventType "swiss"]
[EventCountry "ENG"]
[SourceTitle "playchess.com"]
[Source "ChessBase"]
[SourceQuality "1"]
[TimeControl "180+2"]

1. e4 c5 2. Nf3 d6 3. d4 cxd4 4. Nxd4 Nf6 5. Nc3 Nc6 6. Be3 e5 7. Nb3 Be6 8. Be2 Be7 9. O-O O-O 10. h3 d5 11. exd5 Nxd5 12. Nxd5 Bxd5 13. c4 Be6 14. Nc5 Bxc5 15. Bxc5 Re8 16. Qb3 b6 17. Be3 Qc7 18. Rac1 f5 19. f4 e4 20. Qc3 Rac8 21. Rfd1 Na5 22. b3 Nb7 23. Rd4 b5 24. c5 a6 25. b4 Nd8 26. a4 Nc6 27. Rd6 bxa4 28. Bxa6 Rcd8 29. Rxe6 Rxe6 30. Bc4 Qe7 31. Bxe6+ Qxe6 32. b5 Ne7 33. c6 Nd5 34. Qc4 Kf8 35. c7 Rc8 36. b6 Nxc7 37. bxc7 Qxc4 38. Rxc4 a3 39. Bc5+ Ke8 40. Bxa3 Kd7 41. Rc1 Ke6 42. Kf2 h6 43. Ke3 g5 44. g3 Kd5 45. Rd1+ Ke6 46. Rd6+ Kf7 47. Rxh6 Kg7 48. Rc6 gxf4+ 49. gxf4 Kf7 50. Bd6 Ke6 51. Be5+ Kd7 52. Rh6 Ra8 53. Rh7+ Ke6 54. Rh6+ Kd7 55. Rd6+ Ke7 56. Rd8 Rxd8 57. cxd8=Q+ Kxd8 58. h4 Ke8 59. h5 Kf7 60. Bd4 Kg8 61. Kf2 Kh7 62. Kg3 Kh6 63. Kh4 {[%emt 0:00:04] Kg7} 1-0

[Event "11th LCC Super Blitz 2019"]
[Site "London"]
[Date "2019.12.08"]
[Round "5.9"]
[White "Toh, Q Kane"]
[Black "Rahman, Asad"]
[Result "0-1"]
[ECO "D70"]
[WhiteElo "1606"]
[BlackElo "1923"]
[Annotator "NA"]
[PlyCount "61"]
[EventDate "2019.12.08"]
[EventType "swiss"]
[EventCountry "ENG"]
[SourceTitle "playchess.com"]
[Source "ChessBase"]
[SourceQuality "1"]
[TimeControl "180+2"]

1. d4 d5 2. c4 c6 3. Nf3 Nf6 4. e3 g6 5. Nbd2 Bg7 6. b3 O-O 7. Bd3 Nbd7 8. O-O Re8 9. Bb2 b6 10. Qe2 Bb7 11. Rac1 Rc8 12. cxd5 Nxd5 13. Rfd1 Nb4 14. Bb1 Ba6 15. Nc4 Nf6 16. a3 Nbd5 17. Qd2 Qc7 18. b4 Red8 19. Nce5 Qd6 20. e4 Nxe4 21. Bxe4 f6 22. Nc4 Qe6 23. Re1 Qg4 24. Bxd5+ cxd5 25. Ne3 Qh5 26. Rxc8 Rxc8 27. Rc1 Bc4 28. b5 f5 29. Nxd5 f4 30. Nxe7+ Kf7 31. Nxc8 0-1

[Event "11th LCC Super Blitz 2019"]
[Site "London"]
[Date "2019.12.08"]
[Round "5.10"]
[White "Bird, Joel"]
[Black "Saidmurodov, Shahjahon"]
[Result "0-1"]
[ECO "C78"]
[WhiteElo "2009"]
[BlackElo "1812"]
[Annotator "NA"]
[PlyCount "52"]
[EventDate "2019.12.08"]
[EventType "swiss"]
[EventCountry "ENG"]
[SourceTitle "playchess.com"]
[Source "ChessBase"]
[SourceQuality "1"]
[TimeControl "180+2"]

1. e4 e5 2. Nf3 Nc6 3. Bb5 a6 4. Ba4 Bc5 5. c3 Nf6 6. O-O d6 7. d4 b5 8. dxc5 bxa4 9. Qxa4 Bd7 10. cxd6 cxd6 11. Qc2 O-O 12. Nbd2 Ne7 13. Re1 Ng6 14. Nc4 Qc7 15. Qd3 Bb5 16. Qxd6 Qxc4 17. Bg5 Nxe4 18. Qa3 Nxg5 19. Nxg5 Qg4 20. Ne4 Nf4 21. Ng3 Nxg2 22. Kxg2 Bc6+ 23. Kf1 Rad8 24. Qc5 Qf3 25. Qe3 Qg2+ 26. Ke2 Bb5+ 0-1

[Event "11th LCC Super Blitz 2019"]
[Site "London"]
[Date "2019.12.08"]
[Round "5.10"]
[White "Ozturan, Cem"]
[Black "Vaidya, Raghav"]
[Result "1-0"]
[ECO "E17"]
[WhiteElo "1853"]
[BlackElo "1467"]
[Annotator "NA"]
[PlyCount "71"]
[EventDate "2019.12.08"]
[EventType "swiss"]
[EventCountry "ENG"]
[SourceTitle "playchess.com"]
[Source "ChessBase"]
[SourceQuality "1"]
[TimeControl "180+2"]

1. d4 Nf6 2. Nf3 b6 3. g3 Bb7 4. Bg2 e6 5. O-O Be7 6. c4 d6 7. Nc3 Nbd7 8. b3 O-O 9. Bb2 Re8 10. Re1 Bf8 11. Qc2 e5 12. d5 c5 13. dxc6 Bxc6 14. Rad1 Bxf3 15. Bxf3 Rc8 16. Nb5 Nc5 17. Nxa7 Rc7 18. Nb5 Rce7 19. Nxd6 Rd7 20. Nxe8 Rxd1 21. Nxf6+ Qxf6 22. Rxd1 Qe6 23. Bd5 Qf6 24. b4 Ne6 25. Bxe6 Qxe6 26. Qe4 Bxb4 27. Rd8+ Bf8 28. Ba3 g6 29. Bxf8 f5 30. Bh6+ Kf7 31. Rf8+ Ke7 32. Qb7+ Qd7 33. Rf7+ Kxf7 34. Qxd7+ Kf6 35. h4 b5 36. Bf8 1-0

[Event "11th LCC Super Blitz 2019"]
[Site "London"]
[Date "2019.12.08"]
[Round "5.10"]
[White "John, Joshua"]
[Black "Mohnblatt, Nicolas"]
[Result "1-0"]
[ECO "A52"]
[WhiteElo "1694"]
[BlackElo "1689"]
[Annotator "NA"]
[PlyCount "47"]
[EventDate "2019.12.08"]
[EventType "swiss"]
[EventCountry "ENG"]
[SourceTitle "playchess.com"]
[Source "ChessBase"]
[SourceQuality "1"]
[TimeControl "180+2"]

1. d4 Nf6 2. c4 e5 3. dxe5 Ng4 4. Nf3 Bc5 5. e3 Nc6 6. Nc3 Ngxe5 7. Be2 O-O 8. O-O a5 9. b3 Nxf3+ 10. Bxf3 Ne5 11. Bb2 Nxf3+ 12. Qxf3 f5 13. Qd5+ Kh8 14. Qxc5 Ra6 15. Nd5 Rc6 16. Qd4 Rg6 17. Nf4 Rg5 18. h4 Rg4 19. f3 Rg3 20. Nh5 Rg6 21. Nxg7 Rff6 22. Nh5 Qg8 23. Rf2 d6 24. Nxf6 1-0

[Event "11th LCC Super Blitz 2019"]
[Site "London"]
[Date "2019.12.08"]
[Round "5.11"]
[White "Dhemrait, Jagdeep"]
[Black "Patel, Zain"]
[Result "1-0"]
[ECO "B23"]
[WhiteElo "1834"]
[BlackElo "1253"]
[Annotator "NA"]
[PlyCount "28"]
[EventDate "2019.12.08"]
[EventType "swiss"]
[EventCountry "ENG"]
[SourceTitle "playchess.com"]
[Source "ChessBase"]
[SourceQuality "1"]
[TimeControl "180+2"]

1. e4 c5 2. Nc3 d6 3. f4 Nf6 4. Nf3 e6 5. Bb5+ Bd7 6. Bxd7+ Nbxd7 7. O-O Be7 8. d3 b5 9. a3 b4 10. axb4 cxb4 11. Ne2 O-O 12. Qe1 Rc8 13. c4 bxc3 14. bxc3 Qb6+ 1-0

[Event "11th LCC Super Blitz 2019"]
[Site "London"]
[Date "2019.12.08"]
[Round "5.11"]
[White "Tombolis, Christopher"]
[Black "Zulfic, Fedja"]
[Result "0-1"]
[ECO "E60"]
[WhiteElo "1655"]
[BlackElo "2032"]
[Annotator "NA"]
[PlyCount "68"]
[EventDate "2019.12.08"]
[EventType "swiss"]
[EventCountry "ENG"]
[SourceTitle "playchess.com"]
[Source "ChessBase"]
[SourceQuality "1"]
[TimeControl "180+2"]

1. d4 Nf6 2. c4 c5 3. d5 b5 4. cxb5 a6 5. bxa6 g6 6. Nc3 Bg7 7. Nf3 O-O 8. g3 d6 9. Bg2 Nxa6 10. O-O Bb7 11. Nd2 Nb4 12. Nc4 Ra6 13. Bd2 Nbxd5 14. Nxd5 Bxd5 15. Bxd5 Nxd5 16. e4 Nc7 17. Qc2 Ne6 18. Bc3 Nd4 19. Qd3 Qa8 20. Bxd4 Bxd4 21. a3 Rb8 22. Rab1 Qc6 23. b4 Raa8 24. Na5 Qa4 25. Nc4 Qc6 26. Rb3 e5 27. Rc1 d5 28. exd5 Qxd5 29. Rbb1 Bxf2+ 30. Kxf2 Qxd3 31. Nxe5 Qd4+ 32. Kg2 Qxe5 33. Rxc5 Qe4+ 34. Kh3 Qxb1 0-1

[Event "11th LCC Super Blitz 2019"]
[Site "London"]
[Date "2019.12.08"]
[Round "5.11"]
[White "Yeo, Klaus Lucas"]
[Black "Janula, Mariusz"]
[Result "1/2-1/2"]
[ECO "B22"]
[WhiteElo "1176"]
[BlackElo "1767"]
[Annotator "NA"]
[PlyCount "151"]
[EventDate "2019.12.08"]
[EventType "swiss"]
[EventCountry "ENG"]
[SourceTitle "playchess.com"]
[Source "ChessBase"]
[SourceQuality "1"]
[TimeControl "180+2"]

1. e4 c5 2. Nf3 d6 3. c3 Nc6 4. d4 cxd4 5. cxd4 Nf6 6. Nc3 g6 7. h3 Bg7 8. Be3 O-O 9. Bc4 Bd7 10. a3 Rc8 11. Bd3 a6 12. O-O b5 13. Rc1 Re8 14. b4 h6 15. Ne2 Kh7 16. Ng3 e6 17. Qd2 Ne7 18. Bb1 Rc4 19. Ba2 Rxc1 20. Rxc1 Qa8 21. Bb1 Rc8 22. Bd3 Qb7 23. Rxc8 Qxc8 24. e5 dxe5 25. dxe5 Nfd5 26. Bd4 Qc7 27. Ne4 Nf5 28. Nf6+ Nxf6 29. Bxf5 Nd5 30. Bd3 Ne7 31. Qc3 Qxc3 32. Bxc3 Nd5 33. Bd4 Bc6 34. Be4 Ne7 35. Nd2 Bxe4 36. Nxe4 Nc6 37. Bb2 Bxe5 38. Bxe5 Nxe5 39. Nc5 Nc4 40. Nxa6 Nxa3 41. Nc7 Kg7 42. Kf1 Kf6 43. Ke2 Ke5 44. Na6 Kd5 45. Nc7+ Kd6 46. Ne8+ Ke7 47. Nc7 f5 48. Ke3 e5 49. Nd5+ Kd6 50. Nb6 g5 51. f3 h5 52. g4 hxg4 53. hxg4 f4+ 54. Ke4 Nc2 55. Nd5 Ne1 56. Nc3 Nc2 57. Nxb5+ Ke6 58. Nc7+ Kd7 59. Nd5 Ke6 60. Nc7+ Kd6 61. Nd5 Ke6 62. b5 Nd4 63. b6 Nc6 64. b7 Nb8 65. Nc7+ Kd6 66. Nb5+ Ke6 67. Nc7+ Kd6 68. Nd5 Ke6 69. Nc3 Nc6 70. Na4 Nb8 71. Nc5+ Kd6 72. Nd3 Ke6 73. Nxe5 Kf6 74. Nd3 Kg6 75. Nc5 Kf6 76. Kd5 1/2-1/2

[Event "11th LCC Super Blitz 2019"]
[Site "London"]
[Date "2019.12.08"]
[Round "5.12"]
[White "Nunn, Petra"]
[Black "Phillips, David"]
[Result "1-0"]
[ECO "B01"]
[WhiteElo "1908"]
[BlackElo "1810"]
[Annotator "NA"]
[PlyCount "75"]
[EventDate "2019.12.08"]
[EventType "swiss"]
[EventCountry "ENG"]
[SourceTitle "playchess.com"]
[Source "ChessBase"]
[SourceQuality "1"]
[TimeControl "180+2"]

1. e4 d5 2. exd5 Qxd5 3. Nc3 Qd8 4. d4 Nf6 5. g3 e6 6. Bg2 c6 7. Nf3 Be7 8. O-O O-O 9. Re1 Nbd7 10. Ne2 Qc7 11. c4 Rd8 12. Bf4 Bd6 13. Qc2 Nf8 14. Rad1 Bxf4 15. Nxf4 Bd7 16. Ne5 Be8 17. h4 Rac8 18. h5 b6 19. Qe2 c5 20. d5 exd5 21. Nxd5 Nxd5 22. Bxd5 Kh8 23. Qg4 f6 24. Nf3 Bc6 25. Bxc6 Qxc6 26. Nh4 Rd4 27. Rxd4 cxd4 28. Qxd4 Qxc4 29. Qxc4 Rxc4 30. Re8 Kg8 31. Nf5 Rc1+ 32. Kg2 g6 33. hxg6 hxg6 34. Nd6 Rc6 35. Ne4 Kf7 36. Ra8 Rc7 37. Nd6+ Kg7 38. Ne8+ 1-0